 Dungeon Crawl Stone Soup version 0.26.0-10-g1f06aea511 (webtiles) character file.

Game seed: 13141295096745229103

2387 inc the Jinx (level 9, -7/39 HPs)
             Began as a Felid Conjurer on Feb 2, 2021.
             Was a Plaything of Xom.
             Mangled by a killer bee (8 damage)
             ... while paralysed
             ... on level 7 of the Dungeon.
             The game lasted 00:16:29 (9723 turns).

inc the Jinx (Felid Conjurer)                       Turns: 9723, Time: 00:16:29

Health: -7/39      AC:  2    Str: -1 (1)  XL:     9   Next: 22%
Magic:  11/17      EV:  4    Int: 27 (28) God:    Xom [*.....]
Gold:   490        SH:  0    Dex: 15      Spells: 10/17 levels left
                                        Lives:  0   Deaths: 2

rFire    . . .     SeeInvis +   (weapon unavailable)
rCold    . . .     Faith    .   (shield unavailable)
rNeg     . . .     Spirit   .   (armour unavailable)
rPois    .         Reflect  .   (helmet unavailable)
rElec    .         Harm     .   (cloak unavailable)
rCorr    .         Rampage  .   (gloves unavailable)
Will     +....                  (boots unavailable)
Stlth    +++.......             (no amulet)
HPRegen  0.03/turn              t - ring of flight
MPRegen  0.15/turn              w - +6 ring of intelligence

@: paralysed, lethally poisoned (-7 -> -32), slowed, lost strength, quick
A: very small, no armour, no weapons or thrown items, stealth, claws 1, fangs 3,
see invisible, deterioration 1, speed 1, shaggy fur 2, weak 1, sharp paws
a: Renounce Religion, Evoke Flight


You were on level 7 of the Dungeon.
You worshipped Xom.
You were a special plaything of Xom.
You visited 2 branches of the dungeon, and saw 8 of its levels.

You collected 490 gold pieces.

Inventory:

Jewellery
 t - a ring of flight (left paw)
 w - a +6 ring of intelligence (right paw)
 A - an uncursed ring of willpower
 D - a cursed -4 ring of slaying {unknown}
 F - an uncursed ring of positive energy {unknown}
Wands
 q - a wand of acid (9)
 s - a wand of digging (7)
 y - a wand of polymorph (14)
 C - a wand of enslavement (12)
 G - a wand of disintegration (6)
Scrolls
 b - 2 scrolls of enchant weapon
 c - 5 scrolls of identify
 e - a scroll of enchant armour {unknown}
 g - 3 scrolls of remove curse
 i - 3 scrolls of immolation {unknown}
 m - 3 scrolls of fog {unknown}
 n - 2 scrolls of blinking {unknown}
 p - a scroll of magic mapping {unknown}
 r - a scroll of noise {unknown}
 v - a scroll of fear {unknown}
 x - 3 scrolls of teleportation {unknown}
 z - a scroll of amnesia {unknown}
 B - a scroll of silence {unknown}
Potions
 a - a potion of berserk rage {unknown}
 d - a potion of curing {unknown}
 f - 2 potions of cancellation
 h - 5 potions of lignification
 j - 2 potions of heal wounds
 k - 3 potions of attraction
 l - 2 potions of might
 o - 3 potions of flight
 u - 2 potions of haste {unknown}
 E - a potion of degeneration {unknown}


   Skills:
 + Level 4.1 Fighting
 + Level 5.4 Dodging
 - Level 2.6 Stealth
 - Level 4.8 Spellcasting
 - Level 9.5 Conjurations
 - Level 10.0 Hexes


You had 10 spell levels left.
You knew the following spells:

 Your Spells              Type           Power        Failure   Level
a - Magic Dart            Conj           100%         1%          1
b - Searing Ray           Conj           100%         1%          2
c - Fulminant Prism       Conj/Hex       28%          1%          4

Your spell library contained the following spells:

 Spells                   Type           Power        Failure   Level
 Shock                    Conj/Air       100%         1%          1
 Dazzling Flash           Conj/Hex       100%         1%          3
 Static Discharge         Conj/Air       32%          3%          3
 Mephitic Cloud           Conj/Pois/Air  23%          6%          3
 Sting                    Tmut/Pois      24%          8%          1
 Poisonous Vapours        Pois/Air       12%          11%         2
 Swiftness                Air            6%           11%         2
 Iskenderun's Mystic Bla  Conj/Tloc      32%          11%         4
 Ignite Poison            Fire/Tmut/Pois 6%           22%         3
 Lightning Bolt           Conj/Air       16%          28%         5
 Airstrike                Air            3%           58%         4
 Olgreb's Toxic Radiance  Pois           6%           58%         4


Dungeon Overview and Level Annotations

Branches:
Dungeon (7/15)             Temple (1/1) D:4

Altars:
Ashenzari
Cheibriados
Dithmenos
Elyvilon
Fedhas
Gozag
Hepliaklqana
Kikubaaqudgha
Makhleb
Nemelex Xobeh
Okawaru
Qazlal
Ru
Sif Muna
Uskayaw
Vehumet
Wu Jian
Xom
Yredelemnul
Zin
The Shining One

Shops:
D:7 [

Annotations:
D:7 3 runed translucent doors, Wendigo's ghost, novice VSFi


Innate Abilities, Weirdness & Mutations

You cannot wear armour.
You are incapable of wielding weapons or throwing items.
Your paws allow you to move quietly. (Stealth)
You have sharp claws.
You have razor-sharp teeth.
You have supernaturally acute eyesight. (SInv)
You cover ground quickly.
You are covered in thick fur. (AC +2)
Your sharp claws are effective at attacking unaware monsters.
Your body sometimes deteriorates upon taking damage.
You are weak. (Str -2)


Message History

The killer bee stings you.
Your body deteriorates!
You feel weakened.
You have lost your strength.
You are poisoned.
The killer bee poisons you! The killer bee stings you.
A killer bee comes into view.
The killer bee stings you!
Your body deteriorates!
You feel weakened. The killer bee stings you.
You are more poisoned.
The killer bee poisons you! The killer bee stings you.
Your body deteriorates!
You feel dopey.
You are more poisoned.
The killer bee poisons you! The killer bee stings you!
* * * LOW HITPOINT WARNING * * *
Your fulminant prism crackles loudly.
* * * LOW HITPOINT WARNING * * *
You feel sick. The killer bee stings you.
* * * LOW HITPOINT WARNING * * *
The killer bee stings you!
You die...
Xom guffaws!

##.........# #....<.<)..##.......
##.........# ##.......).##.......
####.......####.........##....)..
# #.......#............#########
# #########............# #
#.....######## # #.......# #
#.....#.# # #####@#..# #
#$$yyy..# # #?#y.#..# # # ?'*..##
# ###.# # # ##...+ # ##..#.+ .. #
#.....+ .... # #.....###### ...


You could see 4 killer bees and a friendly fulminant prism.

Vanquished Creatures
  A deep elf mage (D:7)
  Grinder (D:5)
  Prince Ribbit (D:5)
  Sigmund (D:4)
  A shadow (D:7)
  2 orc warriors
  An ice beast (D:7)
  2 centaurs
  5 ogres
  2 bullfrogs
  2 scorpions
  3 wights (D:6)
  3 crimson imps (D:3)
  A centaur skeleton (D:4)
  A gnoll shaman (D:4)
  3 hounds
  5 orc priests
  2 jellies
  2 iguanas (D:7)
  4 worker ants
  5 orc wizards
  A hound zombie (D:7)
  2 hound skeletons
  A howler monkey skeleton (D:4)
  8 gnolls
  13 adders
  A shadow imp (D:6)
  A white imp (D:6)
  An ufetubus (D:6)
  An adder skeleton (D:4)
  2 worms (D:3)
  5 leopard geckos
  41 orcs
  7 bats
  3 giant cockroaches
  8 goblins
  8 hobgoblins
  6 jackals
  4 quokkas
  6 frilled lizards
  8 kobolds
  A leopard gecko skeleton (D:5)
  8 rats
184 creatures vanquished.

Vanquished Creatures (collateral kills)
  A centaur (D:5)
  An orc wizard (D:5)
  An orc (D:5)
3 creatures vanquished.

Vanquished Creatures (others)
  15 fulminant prisms
15 creatures vanquished.

Grand Total: 202 creatures vanquished

Notes
Turn   | Place    | Note
-------+----------+-------------------------------------------
     0 | D:1      | inc the Felid Conjurer began the quest for the Orb.
     0 | D:1      | Reached XP level 1. HP: 7/7 MP: 4/4
    71 | D:1      | Reached skill level 1 in Fighting
   278 | D:1      | Reached XP level 2. HP: 13/13 MP: 3/6
   480 | D:1      | Learned a level 2 spell: Searing Ray
   940 | D:1      | Reached XP level 3. HP: 16/16 MP: 2/7
  1892 | D:2      | Reached XP level 4. HP: 19/19 MP: 4/9
  2053 | D:2      | Found a white marble altar of Elyvilon.
  2347 | D:2      | Killed from afar by an orc priest
  2348 | D:2      | Reached XP level 3. HP: 0/16 MP: 2/8
  2548 | D:3      | Reached XP level 4. HP: 19/19 MP: 7/10
  3783 | D:3      | Found a shimmering altar of Xom.
  3794 | D:3      | Reached skill level 5 in Conjurations
  3794 | D:3      | Reached XP level 5. HP: 22/22 MP: 3/11
  4151 | D:3      | Became a worshipper of Xom the Capricious
  4190 | D:3      | Paralysed by a crimson imp for 3 turns
  4191 | D:3      | XOM: potion effect (curing)
  4367 | D:4      | Gained mutation: You are covered in thick fur. (AC +2)
                  | [Felid growth]
  4367 | D:4      | Reached XP level 6. HP: 26/26 MP: 10/13
  4503 | D:4      | XOM: fog
  4637 | D:4      | XOM: divination: magic mapping
  4707 | D:4      | Learned a level 4 spell: Fulminant Prism
  4842 | D:4      | Reached skill level 1 in Hexes
  5123 | D:4      | Found a staircase to the Ecumenical Temple.
  5134 | D:4      | XOM: potion effect (might)
  5135 | D:4      | Noticed Sigmund
  5140 | Temple   | Entered the Ecumenical Temple
  5143 | Temple   | Reached skill level 2 in Hexes
  5268 | D:4      | Killed Sigmund
  5269 | D:4      | Reached skill level 5 in Hexes
  5269 | D:4      | Reached XP level 7. HP: 27/29 MP: 7/15
  5398 | D:4      | XOM is BORED!
  5398 | D:4      | XOM: silly message
  5470 | D:4      | Reached skill level 6 in Hexes
  5969 | D:4      | Reached skill level 7 in Hexes
  6041 | D:4      | Found a hazy altar of Hepliaklqana.
  6110 | D:4      | XOM: noise
  6204 | D:4      | Reached skill level 8 in Hexes
  6338 | D:4      | Reached XP level 8. HP: 33/33 MP: 11/16
  6373 | D:4      | XOM is BORED!
  6373 | D:4      | XOM: give mutations
  6373 | D:4      | Gained mutation: You are frail. (-10% HP) [Xom's mischief]
  6373 | D:4      | Gained mutation: Your body sometimes deteriorates upon
                  | taking damage. [Xom's mischief]
  6378 | D:4      | Found a snail-covered altar of Cheibriados.
  6520 | D:4      | Found a burning altar of Makhleb.
  6523 | D:4      | Found an iron altar of Okawaru.
  6523 | D:4      | Found a blossoming altar of Fedhas.
  6536 | D:4      | Found a shadowy altar of Dithmenos.
  6540 | D:4      | Found a sacrificial altar of Ru.
  6691 | D:5      | Entered Level 5 of the Dungeon
  6695 | D:5      | Reached skill level 9 in Hexes
  6708 | D:5      | Noticed Prince Ribbit
  6709 | D:5      | XOM: enchant monster (good)
  6936 | D:4      | XOM: divination: detect items
  6944 | D:5      | Reached skill level 10 in Hexes
  7031 | D:5      | Found a stormy altar of Qazlal.
  7111 | D:5      | XOM: noise
  7116 | D:5      | Noticed Grinder
  7120 | D:5      | Killed Grinder
  7178 | D:5      | XOM: noise
  7195 | D:5      | XOM: scenery: create altars
  7388 | D:5      | Killed Prince Ribbit
  7579 | D:5      | XOM: 3-stop teleportation journey
  7743 | D:5      | Found a shadowy altar of Dithmenos.
  7919 | D:6      | XOM: potion effect (invisibility)
  8148 | D:6      | Reached XP level 9. HP: 32/32 MP: 8/17
  8212 | D:6      | XOM: 1-stop teleportation journey
  8239 | D:7      | Noticed a deep elf mage
  8246 | D:7      | XOM: butterfly on damage
  8246 | D:7      | Slain by a hell rat
  8247 | D:7      | Reached XP level 8. HP: -3/27 MP: 6/16
  8323 | D:7      | Noticed a red devil
  8323 | D:7      | XOM: fog
  8324 | D:7      | Noticed a red devil
  8324 | D:7      | Killed a deep elf mage
  8367 | D:7      | XOM: scenery: 1 doors close
  8596 | D:6      | XOM: god gift: scroll labelled YCUED FESOA {god gift}
  8655 | D:6      | Found a burning altar of Makhleb.
  8782 | D:6      | Reached XP level 9. HP: 33/33 MP: 11/17
  8837 | D:6      | XOM: give mutations
  8837 | D:6      | Gained mutation: You are weak. (Str -2) [Xom's mischief]
  8837 | D:6      | Lost mutation: You are frail. (-10% HP) [Xom's mischief]
  9311 | D:7      | Reached skill level 5 in Dodging
  9345 | D:7      | Found a basalt altar of Yredelemnul.
  9386 | D:7      | Found an opulent altar of Gozag.
  9397 | D:7      | Found a runed translucent gate.
  9420 | D:7      | Found a runed translucent gate.
  9420 | D:7      | Found a runed translucent gate.
  9428 | D:7      | Noticed Wendigo's ghost (novice VSFi)
  9442 | D:7      | Found Yfomaill's Armour Shoppe.
  9722 | D:7      | Lost strength.
  9723 | D:7      | HP: 1/39 [killer bee (2)]
  9723 | D:7      | Mangled by a killer bee

Illustrated notes

Levels and vault maps discovered:
D:1:      lightli_arrival_statue_moat, layout_rooms, grunt_decor_one_mirror
D:2:      layout_basic, elyvilon_altar_5
D:3:      layout_loops_ring, led_xom_imps
D:4:      layout_loops_corners, overflow_temple_1_default,
          nzn_hepliaklqana_mist_gate, minmay_overflow_temple_star_hex,
          minmay_temple_entry_junction_2, chequers_decorated_corner,
          minmay_close_crescents, uniq_sigmund
D:5:      layout_rooms, nicolae_qazlal_general_emergency, basic_altar,
          uniq_grinder, uniq_prince_ribbit1
D:6:      layout_basic, minmay_crystal_water, bloody_makhleb
D:7:      layout_basic, lemuel_doored_altar, grunt_gozag_statues,
          ebering_ghost_rock_garden, serial_shops, shop_statue, eino_jars
Temple:   dpeg_three_leaves_temple

Skill      XL: |  1  2  3  4  5  6  7  8  9 |
---------------+----------------------------+-----
Fighting       | 1 2 4 |  4.1
Conjurations   | 4 5 9 |  9.5
Spellcasting   | 3 4 |  4.8
Hexes          | 5 8 10 | 10.0
Dodging        | 3 5 |  5.4
Stealth        | |  2.6

Action                   |  1- 3 |  4- 6 |  7- 9 || total
-------------------------+-------+-------+-------++-------
Melee: Unarmed           |     1 |       |     3 ||     4
 Cast: Magic Dart        |    68 |    19 |    21 ||   108
       Searing Ray       |     5 |    45 |    57 ||   107
       Fulminant Prism   |       |       |    16 ||    16
  Use: Scroll            |       |     5 |     2 ||     7
       Potion            |       |     1 |       ||     1
Armor: Skin              |     1 |     1 |     5 ||     7
Dodge: Dodged            |    14 |    23 |    60 ||    97
